 Dungeon Crawl Stone Soup version 0.31-a0-23-gcbde74481b (webtiles) character file.

Game seed: 1307306043249062338

11596 Gazerockf the Cleaver (level 11, -6/99 HPs)
             Began as a Minotaur Fighter on May 13, 2023.
             Was an Elder of Dithmenos.
             Succumbed to Sonja's poison
             ... on level 11 of the Dungeon.
             The game lasted 00:37:33 (12927 turns).

Gazerockf the Cleaver (Minotaur Fighter)           Turns: 12927, Time: 00:37:33

Health: -6/99      AC: 13    Str: 30    XL:     11   Next: 51%
Magic:  10/10      EV: 11    Int:  5    God:    Dithmenos [****..]
Gold:   1773       SH:  0    Dex: 11    Spells: 10/10 levels left

rFire   + . .        I - +8 battleaxe
rCold   . . .        (shield currently unavailable)
rNeg    . . .        H - +1 steam dragon scales
rPois   .            (helmet restricted)
rElec   .            N - +0 cloak
rCorr   .            M - +1 pair of gloves {Stlth+}
SInv    .            o - +0 pair of boots
Will    .....        (no amulet)
Stlth   ++++++       u - +6 ring of strength
HPRegen 0.36/turn    y - ring of protection from fire
MPRegen 0.12/turn

%: no passive effects
@: lethally poisoned (-6 -> -56), slowed, wreathed by umbra, very slow
A: horns 2, retaliatory headbutt
a: Renounce Religion, Shadow Step


You were on level 11 of the Dungeon.
You worshipped Dithmenos.
Dithmenos was greatly pleased with you.
You visited 1 branch of the dungeon, and saw 11 of its levels.

You collected 1987 gold pieces.
You spent 214 gold pieces at shops.

Inventory:

Hand Weapons
 a - a +0 long sword
 i - the +8 sling of the Inferno {antimagic, Str+5 Dex+8}
   (You found it on level 7 of the Dungeon)

   Str:       It affects your strength (+5).
   Dex:       It affects your dexterity (+8).
 q - a +0 club
 C - a +0 falchion
 E - a +2 vampiric hand axe
 I - a +8 battleaxe (weapon)
 J - a +3 flail of freezing
Armour
 b - a +0 scale mail
 c - a +0 buckler
 g - a +0 plate armour
 o - a +0 pair of boots (worn)
 p - a +0 chain mail
 H - +1 steam dragon scales (worn)
 M - a +1 pair of gloves of stealth (worn)
 N - a +0 cloak (worn)
 O - a +0 troll leather armour
Jewellery
 u - a +6 ring of strength (left hand)
 y - a ring of protection from fire (right hand)
 K - a ring of positive energy
 L - a ring of wizardry
 Q - a ring of protection from cold
Wands
 d - a wand of roots (4)
 t - a wand of digging (7)
 P - a wand of charming (4)
 S - a wand of mindburst (8)
Scrolls
 e - 3 scrolls of teleportation
 h - a scroll of vulnerability
 j - 2 scrolls of poison
 m - 6 scrolls of magic mapping
 n - 2 scrolls of immolation
 v - 2 scrolls of blinking
 w - 5 scrolls of amnesia
 A - 2 scrolls of silence
 R - a scroll of identify
Potions
 f - a potion of mutation {unknown}
 k - 2 potions of resistance {unknown}
 l - 9 potions of curing
 r - a potion of invisibility {unknown}
 s - 2 potions of degeneration {unknown}
 x - 5 potions of haste {unknown}
 z - 4 potions of flight {unknown}
 B - a potion of ambrosia {unknown}
 D - a potion of berserk rage {unknown}
 F - 2 potions of attraction {unknown}
 G - 4 potions of heal wounds


   Skills:
 - Level 10.1 Fighting
 - Level 5.5 Long Blades
 - Level 14.5 Axes
 - Level 10.2 Armour
 + Level 6.1 Stealth
 - Level 3.7 Shields


You had 10 spell levels left.
You didn't know any spells.
Your spell library contained the following spells:

 Spells                   Type           Power      Damage    Failure   Level
 Shock                    Conj/Air       0%         1d3       47%         1
 Sublimation of Blood     Necr           0%         N/A       63%         2
 Wereblood                Tmut           0%         N/A       63%         2
 Swiftness                Air            0%         N/A       85%         3
 Volatile Blastmotes      Fire/Tloc      0%         2d10      85%         3
 Airstrike                Air            0%         2d(0-16)  99%         4
 Fulminant Prism          Conj/Hex       0%         3d5       99%         4
 Iskenderun's Mystic Bla  Conj/Tloc      0%         2d3       99%         4
 Lee's Rapid Deconstruct  Erth           0%         3d4*      100%        5
 Summon Hydra             Summ           0%         N/A       100%        7


Dungeon Overview and Level Annotations

Branches:
Dungeon (11/15)            Temple (0/1) D:7            Lair (0/5) D:11
    Orc: D:9-12

Altars:
Ashenzari
Cheibriados
Dithmenos
Elyvilon
Gozag
Kikubaaqudgha
Makhleb
Nemelex Xobeh
Ru
Sif Muna
Trog
Uskayaw
Wu Jian
Xom
Yredelemnul
The Shining One

Shops:
D:10 [


Innate Abilities, Weirdness & Mutations

You have a pair of horns on your head.
You reflexively headbutt those who attack you in melee.


Message History

Sonja closely misses you.
Sonja hits you with a +1 short sword of venom.
* * * LOW HITPOINT WARNING * * *
You are more poisoned.
Something hits you.
* * * LOW HITPOINT WARNING * * *
You feel better.
An orc wizard appears from thin air!
Reactivating autopickup.
Sonja barely misses you.
Sonja hits you with a +1 short sword of venom.
* * * LOW HITPOINT WARNING * * *
Sonja hits you but does no damage.
You are poisoned.
The orc wizard completely misses you. Sonja barely misses you.
Sonja hits you with a +1 short sword of venom.
* * * LOW HITPOINT WARNING * * *
You are more poisoned.
Sonja closely misses you.
You slice Sonja!!
Sonja is almost dead.
You slice the orc wizard!!
You kill the orc wizard!
Dithmenos accepts your kill.
You feel very sick.
Sonja hits you with a +1 short sword of venom.
* * * LOW HITPOINT WARNING * * *
You are lethally poisoned!
Sonja barely misses you. Sonja hits you but does no damage.
You are more poisoned.
Sonja hits you with a +1 short sword of venom.
* * * LOW HITPOINT WARNING * * *
You are more poisoned.
Sonja hits you but does no damage.
You are more poisoned.
Sonja hits you with a +1 short sword of venom.
* * * LOW HITPOINT WARNING * * *
You slice Sonja!!
You kill Sonja!
Dithmenos accepts your kill.
You die...

#... #.# ##.#. #.#
.....## #.# .......##
#######.## .....P..##
###........#
.........####..........#
..>...)..{##..#........#
......)..[##)##........#
P.....)$#.<)@##........#
....5.K########........#
.....## #........# #..##
########## .. #


There were no monsters in sight!

Vanquished Creatures
  2 two-headed ogres
  Sonja (D:11)
  An ugly thing (D:11)
  5 unseen horror zombies (D:9)
  A kobold demonologist (D:11)
  A komodo dragon (D:10)
  2 trolls
  A hornet (D:9)
  Grinder (D:4)
  A wraith (D:10)
  8 yaks (D:9)
  Grum (D:10)
  A steam dragon (D:9)
  2 wargs (D:11)
  2 water moccasins
  3 orc warriors
  3 black bears
  6 ice beasts
  2 sky beasts (D:8)
  An ogre (D:6)
  4 wolves (D:10)
  4 centaurs
  3 phantoms
  A bullfrog (D:8)
  A gnoll sergeant (D:9)
  A wyvern zombie (D:9)
  4 scorpions
  20 wights
  6 killer bees (D:9)
  2 howler monkeys
  2 jellies (D:6)
  6 hounds
  5 orc priests
  2 gnoll boudas (D:9)
  2 sleepcaps (D:6)
  4 iguanas
  13 orc wizards
  2 killer bee zombies (D:9)
  19 gnolls
  7 adders
  A shadow imp (D:5)
  A white imp (D:8)
  4 worms
  3 dart slugs
  35 orcs
  6 endoplasms
  5 giant cockroaches
  12 hobgoblins
  8 jackals
  9 kobolds
  6 quokkas
  8 ball pythons
  5 bats
  4 frilled lizards
  12 goblins
  10 rats
282 creatures vanquished.

Notes
Turn   | Place    | Note
-------+----------+-------------------------------------------
     0 | D:1      | Gazerockf the Minotaur Fighter began the quest for the Orb.
     0 | D:1      | Reached XP level 1. HP: 19/19 MP: 0/0
   377 | D:1      | Reached XP level 2. HP: 17/27 MP: 1/1
  1237 | D:2      | Reached XP level 3. HP: 27/34 MP: 2/2
  1526 | D:2      | Found a faded altar of an unknown god.
  1649 | D:2      | Reached XP level 4. HP: 41/41 MP: 3/3
  1676 | D:2      | Reached skill level 5 in Fighting
  1901 | D:3      | Found a shadowy altar of Dithmenos.
  2026 | D:3      | Became a worshipper of Dithmenos the Shadowed
  2268 | D:3      | Found a white marble altar of Elyvilon.
  2587 | D:3      | Found a bloodstained altar of Trog.
  3042 | D:4      | Noticed a torpor snail
  3043 | D:4      | Found a snail-covered altar of Cheibriados.
  3043 | D:4      | Noticed a torpor snail
  3045 | D:4      | Noticed a torpor snail
  3088 | D:4      | Reached skill level 1 in Stealth
  3088 | D:4      | Reached XP level 5. HP: 47/48 MP: 4/4
  3169 | D:4      | Noticed a black bear
  3178 | D:4      | Killed a black bear
  3297 | D:4      | Noticed Grinder
  3305 | D:4      | Paralysed by Grinder for 4 turns
  3312 | D:4      | Paralysed by Grinder for 2 turns
  3315 | D:4      | Killed Grinder
  3316 | D:4      | Reached skill level 5 in Long Blades
  3316 | D:4      | Reached XP level 6. HP: 38/57 MP: 5/5
  3522 | D:4      | Found a sacrificial altar of Ru.
  3825 | D:4      | Reached * piety under Dithmenos
  4034 | D:5      | Entered Level 5 of the Dungeon
  4048 | D:5      | Reached XP level 7. HP: 63/64 MP: 6/6
  4160 | D:5      | Found a shimmering altar of Xom.
  4208 | D:5      | Found a glowing golden altar of the Shining One.
  4253 | D:5      | Reached skill level 1 in Axes
  4653 | D:5      | Reached skill level 2 in Axes
  4950 | D:6      | Reached skill level 3 in Axes
  5243 | D:6      | Reached skill level 4 in Axes
  5393 | D:6      | Reached XP level 8. HP: 45/70 MP: 7/7
  6237 | D:6      | Reached skill level 5 in Axes
  6286 | D:6      | Reached skill level 6 in Axes
  6342 | D:6      | Reached skill level 7 in Axes
  6776 | D:6      | Reached skill level 8 in Axes
  7041 | D:6      | Reached skill level 9 in Axes
  7137 | D:6      | Reached skill level 10 in Axes
  7137 | D:6      | Reached XP level 9. HP: 61/78 MP: 8/8
  7196 | D:6      | Reached ** piety under Dithmenos
  7197 | D:6      | Reached skill level 11 in Axes
  7572 | D:6      | Identified a scroll of acquirement
  7572 | D:6      | Acquired 808 gold pieces
  7618 | D:7      | Reached skill level 12 in Axes
  7801 | D:7      | Noticed a two-headed ogre
  7806 | D:7      | HP: 3/78 [two-headed ogre/+0 giant club (23)]
  7807 | D:7      | Killed a two-headed ogre
  7808 | D:7      | Reached skill level 13 in Axes
  8133 | D:7      | Identified the +8 sling of the Inferno {antimagic, Str+5
                  | Dex+8}
  8157 | D:7      | Found a staircase to the Ecumenical Temple.
  8460 | D:7      | Found a shimmering blue altar of Sif Muna.
  8531 | D:7      | Found an opulent altar of Gozag.
  8729 | D:8      | Found a basalt altar of Yredelemnul.
  8744 | D:8      | Noticed a two-headed ogre
  8757 | D:8      | Killed a two-headed ogre
  8758 | D:8      | Reached skill level 14 in Axes
  8758 | D:8      | Reached XP level 10. HP: 61/84 MP: 9/9
  8848 | D:8      | Found an ornate altar of the Wu Jian Council.
  9089 | D:8      | Found a hide-covered altar of Uskayaw.
  9232 | D:8      | Reached skill level 5 in Armour
  9750 | D:9      | Reached *** piety under Dithmenos
 10564 | D:9      | Reached skill level 10 in Armour
 10666 | D:9      | Reached XP level 11. HP: 85/92 MP: 10/10
 10823 | D:9      | Found a sparkling altar of Nemelex Xobeh.
 11412 | D:9      | Found a broken altar of Ashenzari.
 11419 | D:9      | Found an ancient bone altar of Kikubaaqudgha.
 11493 | D:10     | Entered Level 10 of the Dungeon
 11527 | D:10     | Noticed Grum
 11535 | D:10     | Killed Grum
 11802 | D:10     | Found Wozuiluc's Armour Shop.
 11817 | D:10     | Bought a +1 pair of gloves of stealth for 214 gold pieces
 11935 | D:10     | Reached skill level 10 in Fighting
 12203 | D:10     | Found a burning altar of Makhleb.
 12594 | D:11     | Noticed a cyan ugly thing
 12600 | D:11     | Reached skill level 5 in Stealth
 12611 | D:11     | Killed a cyan ugly thing
 12885 | D:11     | Found a staircase to the Lair.
 12885 | D:11     | Noticed Sonja
 12890 | D:11     | Reached **** piety under Dithmenos
 12927 | D:11     | Killed Sonja
 12927 | D:11     | Succumbed to Sonja's poison

Illustrated notes

Levels and vault maps discovered:
D:1:      evilmike_arrival_crescent, layout_basic, serial_park_tiny_2,
          dreamdust_wishing_well, skrybe_limestone_x, minmay_tall_x
D:2:      layout_loops_ring, hellmonk_ecumenical_altar_blasted,
          serial_bayou_pond_b, minmay_liquid_box, minmay_heptomino_w4
D:3:      layout_basic, lightli_temple_of_fire, mainiacjoe_overflow_paths,
          elyvilon_altar_5
D:4:      layout_loops_ring, marbit_many_paths, cheibriados_altar_2,
          uniq_grinder
D:5:      layout_cave_pods, amcnicky_altar_gilded, mainiacjoe_overflow_24_doors,
          st_stairs_7
D:6:      minmay_polygon_palace, layout_layer_cave
D:7:      layout_loops_cross, lemuel_tele_altar, kennysheep_orc_sif_temple,
          minmay_temple_entry_drinking_statues
D:8:      layout_rooms, nicolae_overflow_hidden_temple,
          mainiacjoe_overflow_brackets, mainiacjoe_overflow_cross_hatched
D:9:      layout_basic, kennysheep_mini_moat, lemuel_coloured_pillars_altar,
          mainiacjoe_overflow_alcove_4, serial_undead, serial_undead_d,
          serial_undead_d, serial_undead_b, serial_undead_a, serial_undead_b,
          serial_undead_e, serial_undead_f, serial_undead_c
D:10:     layout_gridville, mainiacjoe_overflow_tiny_flanked, serial_shops,
          shop, nicolae_straight_to_the_point, uniq_grum
D:11:     layout_roguey, erik_lair_orcish_takeover, tgw_trog, uniq_sonja

Skill      XL: |  1  2  3  4  5  6  7  8  9 10 11 |
---------------+----------------------------------+-----
Fighting       | 4 5 6 7 10 | 10.1
Long Blades    | 3 4 5 |  5.5
Stealth        | 1 3 4 6 |  6.1
Axes           | 4 10 14 | 14.5
Armour         | 10 | 10.2
Shields        | |  3.7

Action                     |  1- 3 |  4- 6 |  7- 9 | 10-12 || total
---------------------------+-------+-------+-------+-------++-------
  Melee: Long sword        |   119 |   134 |    26 |       ||   279
         Headbutt          |    14 |    30 |    45 |    35 ||   124
         Hand axe          |       |       |   146 |       ||   146
         Battleaxe         |       |       |    64 |   214 ||   278
    Use: Potion            |       |       |     1 |     3 ||     4
         Scroll            |       |       |    12 |     3 ||    15
 Armour: Scale mail        |    41 |       |       |       ||    41
         Chain mail        |    16 |    71 |    95 |    73 ||   255
         Steam dragon scal |       |       |       |    44 ||    44
  Dodge: Dodged            |    58 |    45 |    91 |   131 ||   325
  Block: Buckler           |    28 |    22 |    36 |       ||    86

Table legend: (Time is in decaauts)
 A = Elapsed time spent in this place.
 B = Non-inter-level travel time spent in this place.
 C = Inter-level travel time spent in this place.
 D = Time resting spent in this place.
 E = Time spent auto-exploring this place.
 F = Levels seen in this place.
 G = Mean time per level.
                   A        B        C        D        E       F      G
               +--------+--------+--------+--------+--------+-----+--------+
         Total |  13006 |  12796 |    210 |   2314 |   8348 |  11 | 1182.4 |
       Dungeon |  13006 |  12796 |    210 |   2314 |   8348 |  11 | 1182.4 |
               +--------+--------+--------+--------+--------+-----+--------+

Top non-repeatable levels by time:
     D:6: 2737 daAuts
     D:9: 2030 daAuts
     D:1: 1242 daAuts
     D:4: 1090 daAuts
     D:7: 1069 daAuts
     D:3: 1065 daAuts
    D:10: 987 daAuts
     D:5: 837 daAuts
     D:8: 804 daAuts
     D:2: 691 daAuts
    D:11: 449 daAuts
